TOP OF THE 1ST |
Mercer Island Screaming Eagles batting - Pitching for Chesapeake Continentals : LHP Luis Rodríguez
|
Pitching: LHP Luis Rodríguez
|
|
Batting: RHB Alfonso Baca
|
0-0: Swinging Strike 0-1: Ball 1-1: Ball 2-1: Called Strike 2-2: Strikes out looking
|
Batting: RHB Tamasaburo Kato
|
0-0: Called Strike 0-1: Ball 1-1: Ball 2-1: Ball 3-1: Swinging Strike 3-2: DOUBLE (Line Drive, 7LD)
|
Batting: SHB Javier Gonzáles
|
0-0: Ball 1-0: Foul Ball, location: 2F 1-1: Swinging Strike 1-2: Foul Ball, location: 2F 1-2: SINGLE (Groundball, 34S) Tamasaburo Kato to third
|
Batting: LHB Nelson Plasenia
|
0-0: Ball 1-0: Fly out, F5 (Popup, 5F)
|
Batting: RHB Leonardo Ramírez
|
0-0: Foul Ball, location: 2F 0-1: Ball 1-1: Ball 2-1: Ball 3-1: Foul Ball, location: 2F 3-2: Foul Ball, location: 2F 3-2: Ground out 6-3 (Groundball, 6M)
|
Top of the 1st over - 0 run(s), 2 hit(s), 0 error(s), 2 left on base; Mercer Island 0 - Chesapeake 0 |
BOTTOM OF THE 1ST |
Chesapeake Continentals batting - Pitching for Mercer Island Screaming Eagles : RHP Cameron Frye
|
Pitching: RHP Cameron Frye
|
|
Batting: RHB Jorge Rodríguez
|
0-0: Foul Ball, location: 2F 0-1: Foul Ball, location: 2F 0-2: Foul Ball, location: 2F 0-2: Ball 1-2: Foul Ball, location: 2F 1-2: SINGLE (Line Drive, 7LS)
|
Batting: RHB Adrian Barr
|
0-0: Called Strike 0-1: Foul Ball, location: 2F 0-2: Ball 1-2: Strikes out swinging
|
Batting: RHB Mike Peterson
|
0-0: Swinging Strike 0-1: Ball 1-1: Ball 2-1: Grounds into double play, 5-4-3 (Groundball, 5L)
|
Bottom of the 1st over - 0 run(s), 1 hit(s), 0 error(s), 0 left on base; Mercer Island 0 - Chesapeake 0 |
TOP OF THE 2ND |
Mercer Island Screaming Eagles batting - Pitching for Chesapeake Continentals : LHP Luis Rodríguez
|
Batting: RHB Marcos Reyes
|
0-0: Ball 1-0: Called Strike 1-1: Ball 2-1: Ground out 4-3 (Groundball, 4)
|
Batting: RHB Gerjan de Best
|
0-0: Foul Ball, location: 2F 0-1: DOUBLE (Flyball, 78XD)
|
Batting: RHB Hank Scorpio
|
0-0: Ball 1-0: Fly out, F9 (Flyball, 89M) Runner from 2nd tags up, SAFE at 3rd with throw
|
Batting: LHB Tomás Mejía
|
0-0: Fly out, F4 (Popup, 3DF)
|
Top of the 2nd over - 0 run(s), 1 hit(s), 0 error(s), 1 left on base; Mercer Island 0 - Chesapeake 0 |
BOTTOM OF THE 2ND |
Chesapeake Continentals batting - Pitching for Mercer Island Screaming Eagles : RHP Cameron Frye
|
Batting: LHB Arturo Ballina
|
0-0: Ball 1-0: Foul Ball, location: 2F 1-1: Swinging Strike 1-2: Strikes out swinging
|
Batting: RHB Mike Greene
|
0-0: Swinging Strike 0-1: Ball 1-1: Foul Ball, location: 2F 1-2: Ball 2-2: Ball 3-2: Foul Ball, location: 2F 3-2: Fly out, F6 (Line Drive, 6)
|
Batting: SHB Thomas Sherman
|
0-0: Ball 1-0: Ball 2-0: Ball 3-0: Called Strike 3-1: Base on Balls
|
Batting: RHB Bryan Sanders
|
0-0: SINGLE (Groundball, 56D) (infield hit) Thomas Sherman to second
|
Batting: RHB Miguel Cruz
|
0-0: Foul Ball, location: 2F 0-1: SINGLE (Groundball, 13) (infield hit) Thomas Sherman to third Bryan Sanders to second
|
Batting: RHB Gabriel Guerrero
|
0-0: Ball 1-0: Called Strike 1-1: Swinging Strike 1-2: Ball 2-2: Strikes out swinging
|
Bottom of the 2nd over - 0 run(s), 2 hit(s), 0 error(s), 3 left on base; Mercer Island 0 - Chesapeake 0 |
TOP OF THE 3RD |
Mercer Island Screaming Eagles batting - Pitching for Chesapeake Continentals : LHP Luis Rodríguez
|
Batting: RHB Alfonso Baca
|
0-0: Ball 1-0: Foul Ball, location: 2F 1-1: Ball 2-1: Ball 3-1: Base on Balls
|
Batting: RHB Tamasaburo Kato
|
0-0: Ball 1-0: Ball 2-0: Ball 3-0: Foul Ball, location: 2F 3-1: Base on Balls Alfonso Baca to second
|
Batting: SHB Javier Gonzáles
|
0-0: Called Strike 0-1: Foul Ball, location: 2F 0-2: Strikes out swinging
|
Batting: LHB Nelson Plasenia
|
0-0: Ball 1-0: SINGLE (Flyball, 89S) Alfonso Baca to third Tamasaburo Kato to second Runner from 3rd tries for Home, SAFE, throw made home
|
Batting: RHB Leonardo Ramírez
|
0-0: Called Strike 0-1: Ground out 5-3 (Groundball, 56S) Tamasaburo Kato to third Nelson Plasenia to second
|
Batting: RHB Marcos Reyes
|
0-0: Called Strike 0-1: Fly out, F9 (Flyball, 89S)
|
Top of the 3rd over - 1 run(s), 1 hit(s), 0 error(s), 2 left on base; Mercer Island 1 - Chesapeake 0 |
BOTTOM OF THE 3RD |
Chesapeake Continentals batting - Pitching for Mercer Island Screaming Eagles : RHP Cameron Frye
|
Batting: RHB Jorge Rodríguez
|
0-0: Ball 1-0: Called Strike 1-1: Foul Ball, location: 2F 1-2: Foul Ball, location: 2F 1-2: Strikes out swinging
|
Batting: RHB Adrian Barr
|
0-0: Ball 1-0: Fly out, F7 (Flyball, 78D)
|
Batting: RHB Mike Peterson
|
0-0: Ball 1-0: Ball 2-0: Called Strike 2-1: Ball 3-1: Swinging Strike 3-2: Foul Ball, location: 2F 3-2: Base on Balls
|
Batting: LHB Arturo Ballina
|
0-0: Swinging Strike 0-1: Foul Ball, location: 2F 0-2: Ball 1-2: Ball 2-2: Ball 3-2: Strikes out swinging
|
Bottom of the 3rd over - 0 run(s), 0 hit(s), 0 error(s), 1 left on base; Mercer Island 1 - Chesapeake 0 |
TOP OF THE 4TH |
Mercer Island Screaming Eagles batting - Pitching for Chesapeake Continentals : LHP Luis Rodríguez
|
Batting: RHB Gerjan de Best
|
0-0: Ground out 6-3 (Groundball, 6M)
|
Batting: RHB Hank Scorpio
|
0-0: Ball 1-0: Foul Ball, location: 2F 1-1: Ball 2-1: Called Strike 2-2: Foul Ball, location: 2F 2-2: Fly out, F8 (Flyball, 8RM)
|
Batting: LHB Tomás Mejía
|
0-0: Swinging Strike 0-1: Foul Ball, location: 2F 0-2: Ball 1-2: Ball 2-2: SINGLE (Line Drive, 8RS)
|
Batting: RHB Alfonso Baca
|
0-0: Ball 1-0: Called Strike 1-1: Ball 2-1: Foul Ball, location: 2F 2-2: Fly out, F5 (Line Drive, 5S)
|
Top of the 4th over - 0 run(s), 1 hit(s), 0 error(s), 1 left on base; Mercer Island 1 - Chesapeake 0 |
BOTTOM OF THE 4TH |
Chesapeake Continentals batting - Pitching for Mercer Island Screaming Eagles : RHP Cameron Frye
|
Batting: RHB Mike Greene
|
0-0: Ball 1-0: Ball 2-0: Ball 3-0: Base on Balls
|
Batting: SHB Thomas Sherman
|
0-0: Ball 1-0: Foul Ball, location: 2F 1-1: Ball 2-1: Foul Ball, location: 2F 2-2: Ball 3-2: Foul Ball, location: 2F 3-2: Foul Ball, location: 2F 3-2: Foul Ball, location: 2F 3-2: Foul Ball, location: 2F 3-2: Foul Ball, location: 2F 3-2: Foul Ball, location: 2F 3-2: Ground out U3 (Groundball, 3L) Mike Greene to second
|
Batting: RHB Bryan Sanders
|
0-0: Foul Ball, location: 2F 0-1: Ball 1-1: Foul Ball, location: 2F 1-2: Ball 2-2: Foul Ball, location: 2F 2-2: Ball 3-2: SINGLE (Groundball, 56D) Mike Greene to third Runner from 3rd tries for Home, SAFE, no throw or cutoff
|
Pitching: RHP Shao-qi Phan
|
|
Batting: RHB Miguel Cruz
|
0-0: SINGLE (Groundball, 6) Bryan Sanders to second
|
Batting: RHB Gabriel Guerrero
|
0-0: Ball 1-0: Foul Ball, location: 2F 1-1: Fly out, F9 (Flyball, 9M)
|
Batting: RHB Jorge Rodríguez
|
0-0: Ball 1-0: Foul Ball, location: 2F 1-1: SINGLE (Line Drive, 4MD) Bryan Sanders to third Miguel Cruz to second
|
Batting: RHB Adrian Barr
|
0-0: Foul Ball, location: 2F 0-1: Ball 1-1: Foul Ball, location: 2F 1-2: Fly out, F9 (Line Drive, 9M)
|
Bottom of the 4th over - 1 run(s), 3 hit(s), 0 error(s), 3 left on base; Mercer Island 1 - Chesapeake 1 |
TOP OF THE 5TH |
Mercer Island Screaming Eagles batting - Pitching for Chesapeake Continentals : LHP Luis Rodríguez
|
Batting: RHB Tamasaburo Kato
|
0-0: Ball 1-0: Ball 2-0: Foul Ball, location: 2F 2-1: Ball 3-1: Foul Ball, location: 2F 3-2: Fly out, F6 (Popup, 5L)
|
Batting: SHB Javier Gonzáles
|
0-0: Ball 1-0: Foul Ball, location: 2F 1-1: Foul Ball, location: 2F 1-2: Ball 2-2: DOUBLE (Line Drive, 9LS)
|
Batting: LHB Nelson Plasenia
|
0-0: Ball Javier Gonzáles steals 3rd base 1-0: Ball 2-0: Foul Ball, location: 2F 2-1: Ball 3-1: Foul Ball, location: 2F 3-2: Foul Ball, location: 2F 3-2: Base on Balls
|
Batting: RHB Leonardo Ramírez
|
0-0: Called Strike 0-1: Foul Ball, location: 2F 0-2: Fly out, F5 (Popup, 5S)
|
Batting: RHB Marcos Reyes
|
0-0: Swinging Strike 0-1: Fly out, F8 (Line Drive, 8LXD)
|
Top of the 5th over - 0 run(s), 1 hit(s), 0 error(s), 2 left on base; Mercer Island 1 - Chesapeake 1 |
BOTTOM OF THE 5TH |
Chesapeake Continentals batting - Pitching for Mercer Island Screaming Eagles : RHP Shao-qi Phan
|
Batting: RHB Mike Peterson
|
0-0: Swinging Strike 0-1: Ball 1-1: Foul Ball, location: 2F 1-2: Ball 2-2: Foul Ball, location: 2F 2-2: Ball 3-2: Foul Ball, location: 2F 3-2: Fly out, F9 (Flyball, 9M)
|
Batting: LHB Arturo Ballina
|
0-0: Called Strike 0-1: Foul Ball, location: 2F 0-2: Strikes out swinging
|
Batting: RHB Mike Greene
|
0-0: Ball 1-0: Called Strike 1-1: Called Strike 1-2: Ball 2-2: Ball 3-2: Foul Ball, location: 2F 3-2: Ground out 4-3 (Groundball, 4)
|
Bottom of the 5th over - 0 run(s), 0 hit(s), 0 error(s), 0 left on base; Mercer Island 1 - Chesapeake 1 |
TOP OF THE 6TH |
Mercer Island Screaming Eagles batting - Pitching for Chesapeake Continentals : LHP Luis Rodríguez
|
Batting: RHB Gerjan de Best
|
0-0: Ball 1-0: Called Strike 1-1: Called Strike 1-2: Foul Ball, location: 2F 1-2: Foul Ball, location: 2F 1-2: Foul Ball, location: 2F 1-2: Strikes out swinging
|
Batting: RHB Hank Scorpio
|
0-0: Ball 1-0: Called Strike 1-1: Ball 2-1: Ball 3-1: Base on Balls
|
Batting: LHB Tomás Mejía
|
0-0: Ball 1-0: Called Strike 1-1: Ball 2-1: Foul Ball, location: 2F 2-2: Ball 3-2: Base on Balls Hank Scorpio to second
|
Batting: RHB Alfonso Baca
|
0-0: Called Strike 0-1: Ball 1-1: Ball Hank Scorpio steals 3rd base Tomás Mejía to second 2-1: Foul Ball, location: 2F 2-2: Ground out 4-3 (Groundball, 13)
|
Pitching: RHP Gilberto Soto
|
|
Batting: RHB Tamasaburo Kato
|
0-0: Ball 1-0: Ball 2-0: Called Strike 2-1: Foul Ball, location: 2F 2-2: Ball 3-2: Base on Balls
|
Batting: SHB Javier Gonzáles
|
0-0: Ball 1-0: Foul Ball, location: 2F 1-1: Ball 2-1: Ball 3-1: Base on Balls Hank Scorpio scores Tomás Mejía to third Tamasaburo Kato to second
|
Batting: LHB Nelson Plasenia
|
0-0: Swinging Strike 0-1: Ball 1-1: Ground out U3 (Groundball, 3S)
|
Top of the 6th over - 1 run(s), 0 hit(s), 0 error(s), 3 left on base; Mercer Island 2 - Chesapeake 1 |
BOTTOM OF THE 6TH |
Chesapeake Continentals batting - Pitching for Mercer Island Screaming Eagles : RHP Shao-qi Phan
|
Batting: SHB Thomas Sherman
|
0-0: Swinging Strike 0-1: Ball 1-1: Foul Ball, location: 2F 1-2: Strikes out swinging
|
Batting: RHB Bryan Sanders
|
0-0: Foul Ball, location: 2F 0-1: Fly out, F4 (Popup, 4MD)
|
Batting: RHB Miguel Cruz
|
0-0: SINGLE (Line Drive, 78S)
|
Batting: RHB Gabriel Guerrero
|
0-0: Ball 1-0: Swinging Strike 1-1: Ball 2-1: Ball 3-1: Foul Ball, location: 2F 3-2: Strikes out swinging
|
Bottom of the 6th over - 0 run(s), 1 hit(s), 0 error(s), 1 left on base; Mercer Island 2 - Chesapeake 1 |
TOP OF THE 7TH |
Mercer Island Screaming Eagles batting - Pitching for Chesapeake Continentals : RHP Gilberto Soto
|
Batting: RHB Leonardo Ramírez
|
0-0: Called Strike 0-1: Ball 1-1: Foul Ball, location: 2F 1-2: Strikes out looking
|
Batting: RHB Marcos Reyes
|
0-0: SOLO HOME RUN (Flyball, 7D), Distance : 394 ft
|
Batting: RHB Gerjan de Best
|
0-0: Ball 1-0: Ball 2-0: Called Strike 2-1: Called Strike 2-2: Strikes out swinging
|
Batting: RHB Hank Scorpio
|
0-0: Called Strike 0-1: Swinging Strike 0-2: Strikes out looking
|
Top of the 7th over - 1 run(s), 1 hit(s), 0 error(s), 0 left on base; Mercer Island 3 - Chesapeake 1 |
BOTTOM OF THE 7TH |
Chesapeake Continentals batting - Pitching for Mercer Island Screaming Eagles : RHP Shao-qi Phan
|
Batting: RHB Jorge Rodríguez
|
0-0: Ball 1-0: Ball 2-0: Ball 3-0: Called Strike 3-1: Swinging Strike 3-2: Strikes out swinging
|
Batting: RHB Adrian Barr
|
0-0: Ball 1-0: Foul Ball, location: 2F 1-1: Foul Ball, location: 2F 1-2: Ball 2-2: Foul Ball, location: 2F 2-2: Ground out 4-3 (Groundball, 4)
|
Pitching: LHP Denis Melis
|
|
Batting: RHB Mike Peterson
|
0-0: Ball 1-0: Ball 2-0: Ball 3-0: Called Strike 3-1: Base on Balls
|
Batting: LHB Arturo Ballina
|
0-0: Ball 1-0: Foul Ball, location: 2F 1-1: Fly out, F8 (Flyball, 8RD)
|
Bottom of the 7th over - 0 run(s), 0 hit(s), 0 error(s), 1 left on base; Mercer Island 3 - Chesapeake 1 |
TOP OF THE 8TH |
Mercer Island Screaming Eagles batting - Pitching for Chesapeake Continentals : RHP Gilberto Soto
|
Batting: LHB Tomás Mejía
|
0-0: Ball 1-0: SINGLE (Line Drive, 56D)
|
Batting: RHB Alfonso Baca
|
0-0: Bunt missed! 0-1: Bunted foul 0-2: Foul Ball, location: 2F 0-2: Ball 1-2: Foul Ball, location: 2F 1-2: Foul Ball, location: 2F 1-2: Ball 2-2: Ground out 5-3 (Groundball, 5S) Tomás Mejía to second
|
Batting: RHB Tamasaburo Kato
|
0-0: Intentional Walk
|
Pinch Hitting: LHB Raúl Zamora
|
0-0: Ball 1-0: Called Strike 1-1: Ball 2-1: Foul Ball, location: 2F 2-2: Ball 3-2: Foul Ball, location: 2F 3-2: Base on Balls Tomás Mejía to third Tamasaburo Kato to second
|
Batting: LHB Nelson Plasenia
|
0-0: GRAND SLAM HOME RUN (Flyball, 9D), Distance : 357 ft
|
Pitching: RHP Vicente Reyes
|
|
Batting: RHB Leonardo Ramírez
|
0-0: Called Strike 0-1: Foul Ball, location: 2F 0-2: Fly out, F9 (Flyball, 3DF)
|
Batting: RHB Marcos Reyes
|
0-0: Called Strike 0-1: Ball 1-1: DOUBLE (Line Drive, 7LM)
|
Batting: RHB Gerjan de Best
|
0-0: Foul Ball, location: 2F 0-1: Ball 1-1: Ball 2-1: Called Strike 2-2: Ball 3-2: Ground out 6-3 (Groundball, 6)
|
Top of the 8th over - 4 run(s), 3 hit(s), 0 error(s), 1 left on base; Mercer Island 7 - Chesapeake 1 |
BOTTOM OF THE 8TH |
Chesapeake Continentals batting - Pitching for Mercer Island Screaming Eagles : LHP Denis Melis
|
Now in RF: Shawn McCormack
|
|
Batting: RHB Mike Greene
|
0-0: Fly out, F9 (Flyball, 9S)
|
Batting: SHB Thomas Sherman
|
0-0: Called Strike 0-1: Ball 1-1: Ball 2-1: Foul Ball, location: 2F 2-2: Foul Ball, location: 2F 2-2: Ball 3-2: Foul Ball, location: 2F 3-2: Foul Ball, location: 2F 3-2: Base on Balls
|
Batting: RHB Bryan Sanders
|
0-0: Called Strike 0-1: Fly out, F7 (Flyball, 7LM)
|
Batting: RHB Miguel Cruz
|
0-0: Ball 1-0: Foul Ball, location: 2F 1-1: Ball 2-1: Swinging Strike 2-2: Strikes out swinging
|
Bottom of the 8th over - 0 run(s), 0 hit(s), 0 error(s), 1 left on base; Mercer Island 7 - Chesapeake 1 |
TOP OF THE 9TH |
Mercer Island Screaming Eagles batting - Pitching for Chesapeake Continentals : RHP Vicente Reyes
|
Batting: RHB Hank Scorpio
|
0-0: Swinging Strike 0-1: Foul Ball, location: 2F 0-2: Ball 1-2: Ball 2-2: Fly out, F4 (Popup, 4D)
|
Batting: LHB Tomás Mejía
|
0-0: Called Strike 0-1: Ball 1-1: Ball 2-1: Ball 3-1: Base on Balls
|
Batting: RHB Alfonso Baca
|
0-0: Called Strike 0-1: Ball 1-1: Ball 2-1: Ball 3-1: Grounds into double play, 5-4-3 (Groundball, 5L)
|
Top of the 9th over - 0 run(s), 0 hit(s), 0 error(s), 0 left on base; Mercer Island 7 - Chesapeake 1 |
BOTTOM OF THE 9TH |
Chesapeake Continentals batting - Pitching for Mercer Island Screaming Eagles : LHP Denis Melis
|
Batting: RHB Gabriel Guerrero
|
0-0: Ball 1-0: Ball 2-0: Called Strike 2-1: Ball 3-1: Base on Balls
|
Batting: RHB Jorge Rodríguez
|
0-0: Ball 1-0: SINGLE (Groundball, 6MD) Gabriel Guerrero to second Runner from 2nd tries for 3rd, SAFE, no throw or cutoff
|
Batting: RHB Adrian Barr
|
0-0: Ball 1-0: Foul Ball, location: 2F 1-1: Foul Ball, location: 2F 1-2: Foul Ball, location: 2F 1-2: Ball 2-2: Foul Ball, location: 2F 2-2: SINGLE (Flyball, 78S) Gabriel Guerrero scores Jorge Rodríguez to second
|
Pitching: RHP Tom Hibbert
|
|
Batting: RHB Mike Peterson
|
0-0: Foul Ball, location: 2F 0-1: Ball 1-1: Ball 2-1: Fly out, F7 (Flyball, 7M)
|
Batting: LHB Arturo Ballina
|
0-0: Called Strike 0-1: Foul Ball, location: 2F 0-2: Ball 1-2: Strikes out looking
|
Batting: RHB Mike Greene
|
0-0: Foul Ball, location: 2F 0-1: Foul Ball, location: 2F 0-2: Ball 1-2: Ball 2-2: Strikes out swinging
|
Bottom of the 9th over - 1 run(s), 2 hit(s), 0 error(s), 2 left on base; Mercer Island 7 - Chesapeake 2 |
|